 Dungeon Crawl Stone Soup version 0.26.1-2-gb8aa6d0cf2 (webtiles) character file.

Game seed: 4735930054787403688

155 Groucho the Covert (level 5, -4/24 HPs)
             Began as a Spriggan Enchanter on Feb 22, 2021.
             Slain by Marvel's ghost (14 damage)
             ... on level 3 of the Dungeon.
             The game lasted 00:09:24 (6700 turns).

Groucho the Covert (Spriggan Enchanter)             Turns: 6700, Time: 00:09:25

Health: -4/24      AC:  2    Str:  5    XL:     5   Next: 14%
Magic:  7/10       EV: 18    Int: 17    God:
Gold:   142        SH:  0    Dex: 16    Spells: 3/9 levels left

rFire    . . .     SeeInvis +   a - +1 dagger
rCold    . . .     Faith    .   (shield restricted)
rNeg     . . .     Spirit   .   b - +0 robe
rPois    .         Reflect  .   (helmet restricted)
rElec    .         Harm     .   (no cloak)
rCorr    .         Rampage  .   (gloves unavailable)
Will     .....                  (boots unavailable)
Stlth    +++++.....             (no amulet)
HPRegen  0.08/turn              q - ring of stealth
MPRegen  0.12/turn              (no ring)

@: confusing touch, very quick
A: very small, unfitting armour, see invisible, speed 3
a: no special abilities


You were on level 3 of the Dungeon.
You visited 1 branch of the dungeon, and saw 4 of its levels.

You collected 142 gold pieces.

Inventory:

Hand Weapons
 a - a +1 dagger (weapon)
Missiles
 e - 90 stones
 f - 40 poisoned darts (quivered)
Armour
 b - a +0 robe (worn)
Jewellery
 q - a ring of stealth (left hand)
Scrolls
 c - a scroll of identify
 h - 2 scrolls of magic mapping
 i - a scroll of teleportation
 l - a scroll of enchant armour {unknown}
 p - a scroll of enchant weapon {unknown}
Potions
 d - a potion of haste {unknown}
 g - a potion of resistance {unknown}
 j - a potion of heal wounds {unknown}
 k - a potion of curing
 m - a potion of magic {unknown}
 n - 2 potions of attraction {unknown}
 o - a potion of brilliance {unknown}


   Skills:
 - Level 1.1 Short Blades
 - Level 3.0 Dodging
 * Level 9.1 Stealth
 - Level 2.6 Spellcasting
 - Level 3.6 Hexes


You had 3 spell levels left.
You knew the following spells:

 Your Spells              Type           Power        Failure   Level
a - Corona                Hex            15%          4%          1
b - Ensorcelled Hibernat  Hex/Ice        16%          13%         2
c - Confusing Touch       Hex            14%          12%         3

Your spell library contained the following spells:

 Spells                   Type           Power        Failure   Level
 Tukima's Dance           Hex            14%          12%         3
 Dazzling Flash           Conj/Hex       16%          26%         3


Dungeon Overview and Level Annotations

Branches:
Dungeon (4/15)
 Temple: D:4-7

Altars:
Fedhas
Ru
Trog

Annotations:
D:3 Marvel's ghost, amateur GnTm


Innate Abilities, Weirdness & Mutations

You are very small and have problems with some larger weapons.
You are too small for most types of armour.
You have supernaturally acute eyesight. (SInv)
You cover ground extremely quickly.


Message History

You impale Marvel's ghost!!
Marvel's ghost is almost destroyed.
Marvel's ghost barely misses you.
Casting: Confusing Touch (quite dangerous; 12% risk of failure)
Confirm with . or Enter, or press ? or * to list all spells.
The spell is quite dangerous to cast (12% risk of failure)!
Continue anyway?
Your hands begin to glow red.
You hit Marvel's ghost but do no damage.
Marvel's ghost is almost destroyed.
Marvel's ghost closely misses you.
Unknown command.
You hit Marvel's ghost but do no damage.
Marvel's ghost is almost destroyed.
Marvel's ghost hits you!
Ouch! That really hurt!
You hit Marvel's ghost but do no damage.
Marvel's ghost is almost destroyed.
Marvel's ghost hits you!
Ouch! That really hurt!
You die...

#.......####### #.......#
......#.# ####### ####.####
.#.#..#.## #.....# #.#
.#.......###.....# #.#
.................# ######.##
.#....<..###.....###.......#
.#.....#.# #.......#.####.(#
.......#.# ###'''###.####..#
.#.>.....# #(..?@♣.#.##....#
.##....#.# #..($W..#.##.##.#
.##....#.#*#....(..#.##.##.#
.###..##.#,#((.....#.......#
.......,,*,#!..(.(.#....####
#...#.####.##############
....#.......,,,,,,*
.....#****,,,,,,,** .#.#>#
*,,,,,,**


You could see Marvel's ghost.

Vanquished Creatures
  An orc priest (D:3)
  Robin (D:2)
  5 adders
  An ooze (D:2)
  A dart slug (D:2)
  2 leopard geckos
  4 orcs (D:3)
  4 bats
  2 giant cockroaches (D:1)
  6 hobgoblins
  4 jackals (D:2)
  2 kobolds
  A frilled lizard (D:2)
  16 goblins
  4 rats
54 creatures vanquished.

Notes
Turn   | Place    | Note
-------+----------+-------------------------------------------
     0 | D:1      | Groucho the Spriggan Enchanter began the quest for the Orb.
     0 | D:1      | Reached XP level 1. HP: 9/9 MP: 5/5
   272 | D:1      | Reached skill level 5 in Stealth
   653 | D:1      | Reached XP level 2. HP: 13/13 MP: 6/6
   656 | D:1      | Learned a level 2 spell: Ensorcelled Hibernation
  1742 | D:1      | Reached skill level 6 in Stealth
  2257 | D:2      | Noticed Robin
  2814 | D:2      | Found a blossoming altar of Fedhas.
  3116 | D:2      | Reached XP level 3. HP: 16/16 MP: 8/8
  3476 | D:2      | Killed Robin
  3477 | D:2      | Reached skill level 7 in Stealth
  3961 | D:2      | Reached XP level 4. HP: 19/21 MP: 7/9
  4568 | D:1      | Learned a level 3 spell: Confusing Touch
  4575 | D:2      | Found a bloodstained altar of Trog.
  5019 | D:2      | Reached skill level 8 in Stealth
  5275 | D:2      | Found a sacrificial altar of Ru.
  5863 | D:3      | Reached XP level 5. HP: 24/24 MP: 2/10
  6169 | D:4      | Reached skill level 9 in Stealth
  6686 | D:3      | Found a runed translucent gate.
  6687 | D:3      | Found a runed translucent gate.
  6687 | D:3      | Found a runed translucent gate.
  6688 | D:3      | Noticed Marvel's ghost (amateur GnTm)
  6700 | D:3      | Slain by Marvel's ghost

Illustrated notes

Levels and vault maps discovered:
D:1:      minmay_arrival_stair_chambers, layout_basic, serial_aquarium,
          aquarium_bridge_square [aquarium_subvault_wall,
          aquarium_subvault_bridge, aquarium_subvault_balcony,
          aquarium_subvault_bridge], aquarium_window_corridor_3,
          aquarium_window_fake, aquarium_window_fake, aquarium_view_2e,
          hex_intersection
D:2:      layout_basic, nicolae_ru_sacrificial_ziggurat, bloody_trog,
          small_statue_intersection, fedhas_altar_2, uniq_robin
D:3:      layout_loops_cross, ebering_ghost_rock_garden, uniq_ijyb
D:4:      gammafunk_steamed_eel, layout_cave_pods, nzn_hepliaklqana_mist_gate,
          gammafunk_temple_overflow_pools, uniq_eustachio

Skill      XL: |  1  2  3  4  5 |
---------------+----------------+-----
Stealth        | 5 6 7 8 9 |  9.1
Short Blades   | |  1.1
Dodging        | |  3.0
Spellcasting   | |  2.6
Hexes          | |  3.6

Action                   |  1- 3 |  4- 6 || total
-------------------------+-------+-------++-------
Melee: Dagger            |    97 |   105 ||   202
Throw: Dart              |    19 |     6 ||    25
 Cast: Ensorcelled Hiber |    19 |    13 ||    32
       Confusing Touch   |       |     4 ||     4
  Use: Scroll            |     3 |     1 ||     4
 Stab: Sleeping          |    18 |    10 ||    28
       Distracted        |       |     1 ||     1
Armor: Robe              |    11 |     5 ||    16
Dodge: Dodged            |    74 |    92 ||   166
